 Dungeon Crawl Stone Soup version 0.29.1-12-g30fa7ad0bf (webtiles) character file.

Game seed: 11075852629368105595

66 MrSixtyFour the Conjurer (level 3, 0/20 HPs)
             Began as a Deep Elf Conjurer on Dec 21, 2022.
             Slain by an orc
             ... wielding a +0 falchion
              (1 damage)
             ... on level 2 of the Dungeon.
             The game lasted 00:09:49 (2159 turns).

MrSixtyFour the Conjurer (Deep Elf Conjurer)        Turns: 2159, Time: 00:09:49

Health: 0/20       AC:  2    Str:  4    XL:     3   Next: 96%
Magic:  9/10       EV: 12    Int: 24    God:
Gold:   49         SH:  0    Dex: 13    Spells: 6/9 levels left

rFire   . . .      SeeInvis .   h - +1 dagger (speed)
rCold   . . .      Faith    .   (no shield)
rNeg    . . .      Spirit   .   a - +0 robe
rPois   .          Reflect  .   (no helmet)
rElec   .          Harm     .   (no cloak)
rCorr   .          Rampage  .   (no gloves)
Will    .....                   (no boots)
Stlth   ++........              (no amulet)
HPRegen 0.06/turn               (no ring)
MPRegen 0.12/turn               (no ring)

@: flying
A: no striking features
a: no special abilities


You were on level 2 of the Dungeon.
You visited 1 branch of the dungeon, and saw 3 of its levels.

You collected 49 gold pieces.

Inventory:

Hand Weapons
 h - a +1 dagger of speed (weapon)
Armour
 a - a +0 robe (worn)
Jewellery
 d - a ring of fire
Scrolls
 c - a scroll of enchant armour {unknown}
 g - 3 scrolls of identify {unknown}
 j - 2 scrolls of blinking {unknown}
Potions
 b - a potion of magic
 f - a potion of invisibility {unknown}
 i - a potion of haste {unknown}
 k - 2 potions of ambrosia {unknown}


   Skills:
 + Level 1.1 Fighting
 - Level 2.6 Dodging
 - Level 2.7 Stealth
 + Level 3.9 Spellcasting
 + Level 4.9 Conjurations
 + Level 1.2 Hexes


You had 6 spell levels left.
You knew the following spells:

 Your Spells              Type           Power      Damage    Failure   Level
a - Magic Dart            Conj           100%       1d8       1%          1
b - Searing Ray           Conj           56%        2d6       1%          2

Your spell library contained the following spells:

 Spells                   Type           Power      Damage    Failure   Level
 Slow                     Hex            40%        N/A       6%          1
 Dazzling Flash           Conj/Hex       38%        N/A       9%          3
 Confusing Touch          Hex            10%        N/A       19%         3
 Fulminant Prism          Conj/Hex       9%         3d7       26%         4
 Vampiric Draining        Necr           4%         2d6       30%         3
 Iskenderun's Mystic Bla  Conj/Tloc      16%        2d5       34%         4


Dungeon Overview and Level Annotations

Branches:
Dungeon (3/15)

Altars:


Message History

The frilled lizard bites you. The endoplasm attacks as you move away!
The endoplasm hits you but does no damage.
The endoplasm attacks as you move away!
The endoplasm hits you but does no damage.
The orc closely misses you.
There is a stone staircase leading down here.
You can't go up here!
Found 13 gold pieces.
The frilled lizard closely misses you. The orc hits you but does no damage.
The orc completely misses you.
There is an escape hatch in the ceiling here.
The endoplasm freezes you.
You are frozen.
The frilled lizard bites you. The orc closely misses you.
A mysterious force pulls you upwards. The hatch slams shut behind you.
Aiming: Magic Dart (safe; 1% risk of failure)
Press: ? - help, Q - select action, (/) - cycle Shift-Dir - straight line, f - frilled lizard
Aim: a frilled lizard (100% to hit)
The magic dart hits the frilled lizard!
You kill the frilled lizard!
The endoplasm barely misses you. The orc closely misses you.
Aiming: Magic Dart (safe; 1% risk of failure)
Press: ? - help, Q - select action, (/) - cycle Shift-Dir - straight line, f - orc
Aim: an orc, wielding a +0 falchion and wearing a +0 leather armour (100% to hit)
The magic dart hits the orc.
The orc is heavily wounded.
The endoplasm misses you. The orc hits you with a +0 falchion!
* * * LOW HITPOINT WARNING * * *
It was a potion of flight.
You feel very buoyant.
You fly up into the air.
The endoplasm hits you.
* * * LOW HITPOINT WARNING * * *
The orc barely misses you. The orc attacks as you move away!
The orc misses you. The orc attacks as you move away!
The orc barely misses you. The endoplasm attacks as you move away!
The endoplasm closely misses you. The endoplasm attacks as you move away!
The endoplasm barely misses you. The orc attacks as you move away!
The orc completely misses you. The orc attacks as you move away!
The orc hits you with a +0 falchion.
You die...

..........#####...# #.#####
######...>#####...####.....######
# #.##.........'.............. #
#.##.##......########.######
######.##..#.##...# #####.#
##.....###...##...####.....#
##.##### #........'.##.##### ##
##'#######........#.##.#########.
#...............@##.##.#.......#.
'..............oJ##.##.#.#####.#.
#.........#.......(.##.#.## #.#<
#...).....#.......#..#.#..# #.##
###########.......†..#.##.# #..'
#.......#....##.# ####
#.......#.#.....# #
#.......#.#.##### #
#######.#.#.....#


You could see an orc and an endoplasm.

Vanquished Creatures
  2 worms (D:2)
  2 ball pythons (D:1)
  4 endoplasms
  2 giant cockroaches (D:2)
  7 goblins
  6 hobgoblins
  4 jackals (D:1)
  8 kobolds
  5 quokkas
  5 bats
  4 frilled lizards
  4 rats (D:1)
53 creatures vanquished.

Notes
Turn   | Place    | Note
-------+----------+-------------------------------------------
     0 | D:1      | MrSixtyFour the Deep Elf Conjurer began the quest for the
                  | Orb.
     0 | D:1      | Reached XP level 1. HP: 10/10 MP: 6/6
   216 | D:1      | Reached XP level 2. HP: 15/15 MP: 6/8
   896 | D:1      | Reached XP level 3. HP: 20/20 MP: 8/10
  1040 | D:1      | You fall into a shaft and drop 1 floor!
  1044 | D:2      | Learned a level 2 spell: Searing Ray
  1276 | D:2      | Reached skill level 1 in Fighting
  1643 | D:2      | Reached skill level 1 in Hexes
  2153 | D:2      | HP: 1/20 [endoplasm (3)]
  2159 | D:2      | Slain by an orc

Illustrated notes

Levels and vault maps discovered:
D:1:      dpeg_chamrin_arrival_tetris, layout_basic
D:2:      layout_basic, minmay_crystal_water
D:3:      layout_rooms, hellmonk_ecumenical_altar_heavens_door,
          gammafunk_ghost_stat_death, minmay_misc_feat_pillars,
          kennysheep_generic_room_9, uniq_crazy_yiuf_cottage, uniq_robin

Skill      XL: |  1  2  3 |
---------------+----------+-----
Fighting       | 1 |  1.1
Hexes          | 1 |  1.2
Dodging        | |  2.6
Stealth        | |  2.7
Spellcasting   | |  3.9
Conjurations   | |  4.9

Action                   || total
-------------------------++-------
Melee: Unarmed           ||     3
       Dagger            ||     2
 Cast: Magic Dart        ||    91
       Searing Ray       ||     2
  Use: Potion            ||     1
Armor: Robe              ||     9
Dodge: Dodged            ||    30
